 Dungeon Crawl Stone Soup version 0.23.2-40-g277498a001 (webtiles) character file.

Game seed: 8985102044132492008

98 Curus the Twirler (level 4, -6/33 HPs)
             Began as a Demonspawn Gladiator on Oct 15, 2019.
             Was an Initiate of Makhleb.
             Mangled by Crazy Yiuf
             ... wielding a +4 quarterstaff of chaos
              (8 damage)
             ... on level 2 of the Dungeon.
             The game lasted 00:12:12 (1886 turns).

Curus the Twirler (Demonspawn Gladiator)            Turns: 1886, Time: 00:12:12

Health: -6/33      AC:  7    Str: 15      XL:     4   Next: 44%
Magic:  3/4        EV: 12    Int:  7 (9)  God:    Makhleb [......]
Gold:   89         SH:  0    Dex: 15      Spells: 3/3 levels left

rFire    . . .     SeeInvis .   a - +0 quarterstaff
rCold    . . .     Gourm    .   (shield currently unavailable)
rNeg     . . .     Faith    .   b - +0 leather armour
rPois    .         Spirit   .   c - +1 helmet
rElec    .         Reflect  .   (no cloak)
rCorr    .         Harm     .   (no gloves)
MR       .....                  (no boots)
Stlth    +.........             (no amulet)
HPRegen  0.11/turn              (no ring)
MPRegen  0.09/turn              (no ring)

@: no status effects
A: slimy green scales 1, rot immunity
a: Renounce Religion


You were on level 2 of the Dungeon.
You worshipped Makhleb.
Makhleb was noncommittal.
You were not hungry.

You visited 1 branch of the dungeon, and saw 2 of its levels.

You collected 89 gold pieces.

Inventory:

Hand Weapons
 a - a +0 quarterstaff (weapon)
Missiles
 d - 3 throwing nets (quivered)
Armour
 b - a +0 leather armour (worn)
 c - a +1 helmet (worn)
Scrolls
 g - 2 scrolls of identify
 i - a scroll of teleportation
 j - a scroll of remove curse
Potions
 e - 2 potions of lignification
Comestibles
 f - 7 rations
 h - a chunk of flesh


   Skills:
 - Level 2.0 Fighting
 + Level 4.8 Staves
 - Level 1.7 Throwing
 - Level 2.6 Dodging


You had 3 spell levels left.
You didn't know any spells.
Your spell library was empty.

Dungeon Overview and Level Annotations

Branches:
Dungeon (2/15)

Altars:
Ashenzari
Makhleb
Uskayaw

Annotations:
D:2 Crazy Yiuf


Innate Abilities, Weirdness & Mutations

You are partially covered in slimy green scales. (AC +2)
You are immune to rotting.


Message History

Crazy Yiuf is moderately wounded.
Crazy Yiuf drinks a potion.
Crazy Yiuf flickers and vanishes!
Deactivating autopickup; reactivate with Ctrl-A.
You closely miss something. Something hits you.
You hit something. Something hits you.
You hit something. You hit something. Something barely misses you.
You hit something. Something hits you.
You feel your power leaking away.
You hit something. Something hits you!
* * * LOW HITPOINT WARNING * * *
Something freezes you.
* * * LOW HITPOINT WARNING * * *
Throwing (i - inventory)
d - 3 throwing nets (quivered)
Press: ? - help, Shift-Dir - straight line, f - you
Okay, then.
Unknown command.
Unknown command.
Something hits you!
You die...

*...* #..........
*#'#* #.......... ♣♣.♣
#.......... ♣.♣♣
#.......... ♣♣.♣
#.......... ♣.♣♣
###.#.....# ♣♣.♣♣
#.####### ♣{PP♣♣ #.# #
♣P@P.♣ #.# #### ##..##
###.####...
#....####..........
##.......##.#...<..
#.......##.#......
#.................
###.#..##..#......
#######....##.#.......
#...........#.........


There were no monsters in sight!

Vanquished Creatures
  4 adders (D:2)
  An ooze (D:2)
  4 worms (D:2)
  2 dart slugs
  2 leopard geckos
  8 bats
  2 giant cockroaches (D:1)
  4 hobgoblins (D:2)
  2 kobolds
  A quokka (D:2)
  A frilled lizard (D:1)
  4 goblins
  A leopard gecko skeleton (D:2)
  9 rats
45 creatures vanquished.

Notes
Turn   | Place    | Note
-------+----------+-------------------------------------------
     0 | D:1      | Curus the Demonspawn Gladiator began the quest for the Orb.
     0 | D:1      | Reached XP level 1. HP: 16/16 MP: 1/1
    23 | D:1      | Reached skill level 3 in Staves
    68 | D:1      | Gained mutation: You are partially covered in slimy green
                  | scales. (AC +2) [demonic ancestry]
    68 | D:1      | Reached XP level 2. HP: 15/22 MP: 2/2
   932 | D:2      | Reached XP level 3. HP: 25/27 MP: 3/3
   975 | D:2      | Reached skill level 4 in Staves
  1469 | D:2      | Found a runed translucent door.
  1470 | D:2      | Noticed Crazy Yiuf
  1499 | D:2      | Found a shattered altar of Ashenzari.
  1550 | D:2      | Found a hide-covered altar of Uskayaw.
  1571 | D:2      | Gained mutation: You are immune to rotting. [demonic
                  | ancestry]
  1571 | D:2      | Reached XP level 4. HP: 33/33 MP: 4/4
  1778 | D:2      | Found a burning altar of Makhleb.
  1778 | D:2      | Noticed a cacodemon
  1781 | D:2      | Noticed an orange demon
  1781 | D:2      | Noticed a hellwing
  1783 | D:2      | Became a worshipper of Makhleb the Destroyer
  1880 | D:2      | HP: 1/33 [something (5)]
  1886 | D:2      | Mangled by Crazy Yiuf

Skill      XL: |  1  2  3 |
---------------+----------+-----
Staves         | 3 4 |  4.8
Fighting       | |  2.0
Throwing       | |  1.7
Dodging        | |  2.6

Action                   |  1- 3 |  4- 6 || total
-------------------------+-------+-------++-------
Melee: Quarterstaff      |   115 |    42 ||   157
  Use: Scroll            |     5 |     3 ||     8
       Potion            |     3 |     1 ||     4
 Stab: Sleeping          |     1 |       ||     1
  Eat: Chunk             |     2 |     1 ||     3
Armor: Leather armour    |    26 |     7 ||    33
Dodge: Dodged            |    70 |    26 ||    96
